 Dungeon Crawl Stone Soup version 0.19.5 (console) character file.

89 lanroth the Skirmisher (level 4, -3/41 HPs)
             Began as a Minotaur Abyssal Knight on Mar 16, 2017.
             Was a Believer of Lugonu.
             Slain by Sigmund
             ... wielding a +2 scythe of distortion
              (7 damage)
             ... on level 2 of the Dungeon.
             The game lasted 00:11:03 (1459 turns).

lanroth the Skirmisher (Minotaur Abyssal Knight)    Turns: 1459, Time: 00:11:04

Health: -3/41      AC:  5    Str: 17    XL:     4   Next: 31%
Magic:  4/4        EV: 11    Int:  9    God:    Lugonu [**....]
Gold:   104        SH:  0    Dex: 10    Spells: 0 memorised, 3 levels left

rFire  . . .     SeeInvis .     a - +1 spear
rCold  . . .     Gourm    .     f - +0 ring mail
rNeg   . . .     Faith    .     (no shield)
rPois  .         Spirit   .     (helmet restricted)
rElec  .         Reflect  .     (no cloak)
rCorr  .         Harm     .     (no gloves)
MR     .....                    (no boots)
Stlth  ..........               (no amulet)
                                (no ring)
                                (no ring)

@: no status effects
A: retaliatory headbutt, horns 2
a: Depart the Abyss, Bend Space, Renounce Religion


You were on level 2 of the Dungeon.
You worshipped Lugonu.
Lugonu was pleased with you.
You were not hungry.

You visited 1 branch of the dungeon, and saw 2 of its levels.
You visited the Abyss 1 time.

You collected 104 gold pieces.

Inventory:

Hand Weapons
 a - a +1 spear (weapon)
 b - a +0 hunting sling
Missiles
 i - 75 stones (quivered)
Armour
 f - a +0 ring mail (worn)
 j - a +0 leather armour
Scrolls
 d - a scroll of blinking {unknown}
 h - 2 scrolls of identify {unknown}
 l - a scroll of magic mapping {unknown}
 n - a scroll of random uselessness {unknown}
 o - a scroll of teleportation {unknown}
Potions
 e - a potion of brilliance {unknown}
 k - a potion of flight {unknown}
 m - 3 potions of haste {unknown}
 p - a potion of curing {unknown}
 q - 2 potions of heal wounds {unknown}
 r - 2 potions of magic {unknown}
Comestibles
 c - a bread ration
 g - 7 chunks of flesh


   Skills:
 + Level 4.9 Fighting
 + Level 3.3 Polearms
 + Level 0.7(0.8) Slings
 + Level 0.2(0.4) Throwing
 + Level 2.9 Armour
 + Level 1.4 Dodging
 + Level 0.1 Stealth
 + Level 2.1 Invocations


You had 3 spell levels left.
You didn't know any spells.

Dungeon Overview and Level Annotations

Branches:
Dungeon (2/15)

Altars:
Xom

Annotations:
D:2 Sigmund


Innate Abilities, Weirdness & Mutations

You reflexively headbutt those who attack you in melee.
You have a pair of horns on your head.


Message History

Sigmund is severely wounded.
Sigmund hits you from afar with a scythe of distortion.
* * * LOW HITPOINT WARNING * * *
You blink.
Sigmund gestures at you while chanting. The magic dart hits you!
* * * LOW HITPOINT WARNING * * *
You are too injured to fight recklessly!
Throwing (i - inventory):
i - 75 stones (quivered)
Press: ? - help, Shift-Dir - straight line, f/p - Sigmund
Aim: Sigmund, wielding a scythe of distortion and wearing a robe (severely wounded)
Okay, then.
Evoke which item? (* to show all) (? for menu, Esc to quit)
Attack whom?
Press: ? - help, Dir - move target cursor, f/p - Sigmund
Aim: Sigmund, wielding a scythe of distortion and wearing a robe (severely wounded)
You reach to attack!
You hit Sigmund.
Sigmund is almost dead.
Sigmund hits you from afar with a scythe of distortion!
You die...

#############
#...........#
..####.####.# ##.....##.##
####### #.......#..#
#.....# #..@.@..#..#
#.....# #....._......#
#.....#
#.#.......#..#######.....#
#.#.......#..............#
# ##.....##.##..####.....#
###.####....## #>....# ...
.......#####.....# #.#
##...#...##......#
....####.##)######
###.####..).# #...).##)##
########....###### ...#
#.........# ...##
#.........#
#.#...##..###....#
........## ###..#
####....######..##
#......)..##...###
.....#..####..##....#
...#####.# ##.##....#
#.......# #.......#
#######.########....#
######.....####....#
...................##
########...#.......#
###)###.....# .. #.#
#.....# .. #)###.....# #.
#........[#
#####.#######.........#
#.........#...........#
##............###.###.##
..............# #.....#
#..........## #..)..#


You could see Sigmund.

Vanquished Creatures
  Robin (D:2)
  2 adders (D:2)
  An ooze (D:1)
  2 dart slugs (D:1)
  A leopard gecko (D:1)
  4 bats (D:1)
  2 giant cockroaches
  13 goblins
  9 hobgoblins
  4 frilled lizards
  5 kobolds
  7 rats
51 creatures vanquished.

Notes
Turn   | Place    | Note
-------+----------+-------------------------------------------
     0 | Abyss:1  | lanroth the Minotaur Abyssal Knight began the quest for the Orb.
     0 | Abyss:1  | Reached XP level 1. HP: 19/19 MP: 1/1
    92 | D:1      | Escaped the Abyss
   230 | D:1      | Reached skill level 4 in Fighting
   250 | D:1      | Reached XP level 2. HP: 27/27 MP: 2/2
   600 | D:1      | Reached ** piety under Lugonu
   667 | D:1      | Reached XP level 3. HP: 31/34 MP: 3/3
  1078 | D:2      | Noticed Robin
  1119 | D:2      | Killed Robin
  1119 | D:2      | Reached XP level 4. HP: 24/41 MP: 4/4
  1430 | D:2      | Found a shimmering altar of Xom.
  1447 | D:2      | Noticed Sigmund
  1459 | D:2      | Slain by Sigmund

Skill      XL: |  1  2  3 |
---------------+----------+-----
Fighting       | 4 |  4.9
Polearms       | 3 |  3.3
Invocations    | 2 |  2.1
Slings         | |  0.7
Throwing       | |  0.2
Armour         | |  2.9
Dodging        | |  1.4
Stealth        | |  0.1

Action                   |  1- 3 |  4- 6 || total
-------------------------+-------+-------++-------
Melee: Spear             |   100 |    52 ||   152
       Headbutt          |    10 |     6 ||    16
 Fire: Hunting sling     |     2 |       ||     2
Throw: Stone             |    12 |     1 ||    13
  Eat: Chunk             |     1 |     1 ||     2
Armor: Ring mail         |    17 |    11 ||    28
Dodge: Dodged            |    37 |    12 ||    49
